 Dungeon Crawl Stone Soup version 0.27.1-4-g1640c2035a (webtiles) character file.

Game seed: 10555990444654579410

903 Strat the Carver (level 7, -3/55 HPs)
             Began as a Palentonga Wanderer on Nov 4, 2021.
             Slain by an iguana (11 damage)
             ... on level 5 of the Dungeon.
             The game lasted 00:09:17 (5580 turns).

Strat the Carver (Palentonga Wanderer)              Turns: 5580, Time: 00:09:18

Health: -3/55      AC: 14    Str: 18    XL:     7   Next: 80%
Magic:  7/7        EV:  7    Int: 11    God:
Gold:   127        SH:  0    Dex: 16    Spells: 6/6 levels left

rFire    . . .     SeeInvis +   a - +2 falchion
rCold    . . .     Faith    .   (no shield)
rNeg     . . .     Spirit   .   r - +0 scale mail
rPois    .         Reflect  .   (no helmet)
rElec    .         Harm     .   (no cloak)
rCorr    +         Rampage  .   C - +0 pair of gloves
Will     .....                  (no barding)
Stlth    +.........             (no amulet)
HPRegen  0.18/turn              k - ring of resist corrosion
MPRegen  0.10/turn              y - +6 ring of dexterity

@: curled up
A: large, rugged brown scales 3, see invisible, deformed body, roll 1, armoured
tail, reflexive curl
a: Rolling Charge


You were on level 5 of the Dungeon.
You visited 1 branch of the dungeon, and saw 5 of its levels.

You collected 127 gold pieces.

Inventory:

Hand Weapons
 a - a +2 falchion (weapon)
 b - a +0 vorpal hunting sling
 e - a +0 dagger
Missiles
 f - 40 sling bullets
 h - 125 stones (quivered)
 i - 43 poisoned darts
 l - 2 throwing nets
 v - 5 boomerangs
 w - 7 datura-tipped darts
Armour
 p - a +2 pair of gloves of stealth
 r - a +0 scale mail (worn)
 C - a +0 pair of gloves (worn)
Jewellery
 k - a ring of resist corrosion (left hand)
 y - a +6 ring of dexterity (right hand)
 B - a ring of fire
Wands
 q - a wand of flame (12)
Scrolls
 c - 7 scrolls of teleportation
 z - a scroll of enchant weapon {unknown}
 A - a scroll of torment {unknown}
Potions
 g - 2 potions of heal wounds
 j - 2 potions of attraction
 m - a potion of lignification
 n - a potion of haste
 o - 4 potions of curing
 s - a potion of ambrosia {unknown}
 t - a potion of flight {unknown}
 u - a potion of might {unknown}


   Skills:
 - Level 3.0 Fighting
 + Level 8.0 Long Blades
 - Level 1.0 Maces & Flails
 + Level 2.8 Armour
 - Level 2.6 Stealth
 - Level 1.0 Shields


You had 6 spell levels left.
You didn't know any spells.
Your spell library contained the following spells:

 Spells                   Type           Power      Damage    Failure   Level
 Freeze                   Ice            0%         1d3       73%         1
 Frozen Ramparts          Ice            0%         1d2       97%         3
 Hailstorm                Conj/Ice       0%         3d3       100%        4


Dungeon Overview and Level Annotations

Branches:
Dungeon (5/15)
 Temple: D:4-7

Altars:
Fedhas
Ru

Shops:
D:3 (

Annotations:
D:4 exclusion: oklob plant


Innate Abilities, Weirdness & Mutations

You are completely covered in rugged brown scales. (AC +3, +7% HP)
You have supernaturally acute eyesight. (SInv)
Armour fits poorly on your strangely shaped body.
You can roll at nearby foes to attack.
You have a long armoured tail.
You curl defensively after being hit.


Message History

You closely miss the hound.
Your tail-slap misses the hound.
The hound is severely wounded.
The hound barely misses you.
You riposte.
You hit the hound.
The hound is almost dead.
You barely miss the hound.
The hound is almost dead.
The hound bites you. The hound bites you but does no damage.
You closely miss the hound.
Your tail-slap misses the hound.
The hound is almost dead.
The hound bites you.
You slash the hound!
You kill the hound!
Your Long Blades skill increases to level 8!
You hit the iguana.
The iguana is moderately wounded.
The iguana bites you!
* * * LOW HITPOINT WARNING * * *
You are too injured to fight recklessly!
You are too injured to fight recklessly!
You are too injured to fight recklessly!
You closely miss the iguana.
Your tail-slap misses the iguana.
The iguana is moderately wounded.
The iguana bites you!
* * * LOW HITPOINT WARNING * * *
You hit the iguana.
The iguana is heavily wounded.
The iguana bites you!
* * * LOW HITPOINT WARNING * * *
You barely miss the iguana.
The iguana is heavily wounded.
The iguana bites you!
* * * LOW HITPOINT WARNING * * *
You hit the iguana.
The iguana is heavily wounded.
The iguana bites you but does no damage.
You hit the iguana.
You tail-slap the iguana, but do no damage.
The iguana is severely wounded.
The iguana bites you!
You die...

####.........
######..<.........
#....#.##.........
#.##.#..........).
#.#...............
#...>.............
####.#####.##....#
###...............
#@...#.#.####....#
#l#.##...# ######
#.....#### #
###.#........ #
######h..#........
#
#......#.#........
#
#..[...######.####
# #...l(........#
#.....#########


You could see an iguana.

Vanquished Creatures
  A phantom (D:5)
  A water moccasin zombie (D:3)
  A water moccasin skeleton (D:4)
  A howler monkey (D:5)
  2 jellies
  3 orc priests
  A bullfrog skeleton (D:5)
  4 hounds
  2 iguanas
  Terence (D:3)
  3 orc wizards
  A scorpion zombie (D:5)
  A killer bee zombie (D:5)
  A hound skeleton (D:4)
  4 gnolls
  7 adders
  2 dart slugs (D:2)
  11 orcs
  5 ball pythons
  7 bats
  5 endoplasms
  4 giant cockroaches
  5 goblins
  5 hobgoblins
  7 jackals (D:1)
  4 kobolds
  4 quokkas (D:1)
  2 frilled lizards (D:1)
  5 rats
  A spectral kobold (D:1)
101 creatures vanquished.

Vanquished Creatures (others)
  16 plants (D:4)
16 creatures vanquished.

Grand Total: 117 creatures vanquished

Notes
Turn   | Place    | Note
-------+----------+-------------------------------------------
     0 | D:1      | Strat the Palentonga Wanderer began the quest for the Orb.
     0 | D:1      | Strat set off with the following items: a +2 falchion, a
                  | potion of curing, a scroll of teleportation, a +0 robe, a
                  | +0 dagger
     0 | D:1      | Reached XP level 1. HP: 17/17 MP: 1/1
   172 | D:1      | Reached XP level 2. HP: 22/23 MP: 2/2
   281 | D:2      | Reached skill level 3 in Long Blades
   439 | D:2      | Reached XP level 3. HP: 24/29 MP: 3/3
   869 | D:1      | Found a faded altar of an unknown god.
  1027 | D:1      | Reached XP level 4. HP: 36/36 MP: 4/4
  1865 | D:2      | Reached skill level 4 in Long Blades
  2526 | D:3      | Reached XP level 5. HP: 31/43 MP: 5/5
  2670 | D:3      | Reached skill level 5 in Long Blades
  2850 | D:3      | Noticed Terence
  2875 | D:3      | Killed Terence
  2973 | D:3      | Found Ytanam's Antique Weapon Shop.
  3162 | D:3      | Found a sacrificial altar of Ru.
  3179 | D:3      | Reached XP level 6. HP: 43/50 MP: 6/6
  3283 | D:3      | Reached skill level 6 in Long Blades
  4102 | D:4      | Reached skill level 7 in Long Blades
  4150 | D:4      | Gained mutation: You curl defensively after being hit.
                  | [Palentonga growth]
  4150 | D:4      | Reached XP level 7. HP: 53/55 MP: 7/7
  4418 | D:4      | Found a blossoming altar of Fedhas.
  4453 | D:4      | Noticed an oklob plant
  4653 | D:5      | Entered Level 5 of the Dungeon
  4669 | D:5      | Reached skill level 1 in Armour
  5575 | D:5      | Reached skill level 8 in Long Blades
  5580 | D:5      | Slain by an iguana

Illustrated notes

Levels and vault maps discovered:
D:1:      nagdon_arrival_double_spiral, layout_rooms,
          dreamdust_ecumenical_altar_drowned_temple,
          minmay_misc_feat_secret_circle, supply_closet_lemuel,
          chequers_mini_garden, minmay_misc_feat_plants
D:2:      layout_loops_ring
D:3:      layout_loops_ring, nicolae_ru_great_annihilating_truth, serial_shops,
          shop, kennysheep_cluttered_room, uniq_terence
D:4:      layout_loops_ring, tgw_fedhas, serial_bayou_lagoon_b
D:5:      layout_basic

Skill      XL: |  1  2  3  4  5  6  7 |
---------------+----------------------+-----
Long Blades    | 3 4 5 7 8 |  8.0
Fighting       | 3 |  3.0
Armour         | 2 |  2.8
Maces & Flails | |  1.0
Stealth        | |  2.6
Shields        | |  1.0

Action                   |  1- 3 |  4- 6 |  7- 9 || total
-------------------------+-------+-------+-------++-------
Melee: Falchion          |    76 |   141 |    62 ||   279
       Tailslap          |     7 |    25 |    10 ||    42
 Fire: Hunting sling     |       |     9 |    26 ||    35
Throw: Stone             |       |     1 |       ||     1
 Abil: Rolling Charge    |     1 |       |       ||     1
  Use: Scroll            |       |     6 |     2 ||     8
 Stab: Sleeping          |     3 |     4 |       ||     7
       Paralysed         |       |     1 |       ||     1
Armor: Robe              |    45 |    19 |       ||    64
       Scale mail        |       |    33 |    24 ||    57
Dodge: Dodged            |    47 |    51 |    26 ||   124
       Rpst.: Falchion   |    18 |    15 |     6 ||    39
